 Dungeon Crawl Stone Soup version 0.31-a0-202-g547052bce9 (webtiles) character file.

Game seed: 1788070386280773779

48 qw the Shooter (level 3, 0/20 HPs)
             Began as a Deep Elf Hunter on June 26, 2023.
             Succumbed to their own poison gas
             ... on level 2 of the Dungeon.
             The game lasted 00:00:28 (1774 turns).

qw the Shooter (Deep Elf Hunter)                    Turns: 1774, Time: 00:00:28

Health: 0/20       AC:  7    Str: 10    XL:     3   Next: 50%
Magic:  5/5        EV: 11    Int: 13    God:
Gold:   104        SH:  0    Dex: 18    Spells: 2/2 levels left

rFire   . . .        Y - +1 shortbow
rCold   . . .        (shield currently unavailable)
rNeg    . . .        i - +2 ring mail
rPois   .            (no helmet)
rElec   .            (no cloak)
rCorr   .            (no gloves)
SInv    .            (no boots)
Will    .....        (no amulet)
Stlth   +            (no ring)
HPRegen 0.23/turn    (no ring)
MPRegen 0.09/turn

%: no passive effects
@: lethally poisoned (0 -> -2)
A: no striking features
a: no special abilities


You were on level 2 of the Dungeon.
You visited 1 branch of the dungeon, and saw 2 of its levels.

You collected 104 gold pieces.


   Skills:
 - Level 1.5 Fighting
 + Level 7.0 Ranged Weapons
 - Level 2.4 Dodging
 - Level 1.2 Stealth


You had 2 spell levels left.
You didn't know any spells.
Your spell library was empty.

Inventory:

Hand Weapons
 Y - a +1 shortbow (weapon)
Armour
 i - a +2 ring mail (worn)
Wands
 f - a wand of digging (4)
Scrolls
 a - a scroll of identify
Potions
 d - a potion of resistance
 e - a potion of enlightenment {unknown}
 l - a potion of curing {unknown}

Dungeon Overview and Level Annotations

Branches:
Dungeon (2/15)

Altars:

Annotations:
D:1 exclusion: 2 gnolls


Message History

Enter note:
Enter note:
Enter note:
Enter note:
Enter note:
Enter note:
Enter note:
Enter note:
Enter note:
Enter note:
Enter note:
Enter note:
Enter note:
Enter note:
Enter note:
Enter note: Really walk into that cloud of poison gas?
You are engulfed in poison gas.
You are lethally poisoned!
You feel very sick.
1766 ||| Stepping ~*~*~tactically~*~*~ (cloud).
You feel very sick.
Things that are here:
2 scrolls of immolation; a +0 leather armour
There is a lethal amount of poison in your body!
You feel very sick.
There is a lethal amount of poison in your body!
You feel sick.
There is a lethal amount of poison in your body!
You feel sick.
There is a lethal amount of poison in your body!
You feel sick.
There is a lethal amount of poison in your body!
You feel sick.
There is a lethal amount of poison in your body!
You feel sick.
There is a lethal amount of poison in your body!
You feel sick.
There is a lethal amount of poison in your body!
You die...

......#.##..............#......#
......#.##..............#......##
...#####...#####........#........
...# #¤¤¤# #........#........
#### #¤0.# #........#........
...# #.¤¤# ######............
########...##### #..)....####.
#...¤¤¤.)$0.0¤¤.#####.......####.
#..?.00.[().¤00.@0.00000.......##
#...¤¤¤...$.00¤0#0.0.0.0.......##
...#####...#######0............##
...# 0¤¤# ###.............## ...#
0¤¤# #...000.0......... ...# 0¤.#
#.......0.........
...#####...#####....0............
......#.# #........##0.........
.(....#.#####........##..........


There were no monsters in sight!

Vanquished Creatures
  2 adders (D:2)
  A gnoll (D:1)
  A dart slug (D:2)
  3 bats (D:2)
  An endoplasm (D:2)
  2 giant cockroaches
  A goblin (D:1)
  A quokka (D:1)
  2 ball pythons (D:1)
  A frilled lizard (D:2)
  4 kobolds
  3 rats (D:2)
22 creatures vanquished.

Vanquished Creatures (others)
  An endoplasm (D:2)
1 creature vanquished.

Grand Total: 23 creatures vanquished

Notes
Turn   | Place    | Note
-------+----------+-------------------------------------------
     0 | D:1      | qw the Deep Elf Hunter began the quest for the Orb.
     0 | D:1      | Reached XP level 1. HP: 12/12 MP: 3/3
     0 | D:1      | 0 ||| qw: Version: 0.3-a-22-g0ed2b0b
     0 | D:1      | 0 ||| qw: Game counter: 5758
     0 | D:1      | 0 ||| qw: Melee chars always use a shield: true
     0 | D:1      | 0 ||| qw: God list: Okawaru
     0 | D:1      | 0 ||| qw: Allow faded altars: false
     0 | D:1      | 0 ||| qw: Do Orc after clearing Dungeon:15 true
     0 | D:1      | 0 ||| qw: Do second Lair branch before Depths: true
     0 | D:1      | 0 ||| qw: Lair rune preference: random
     0 | D:1      | 0 ||| qw: Goals: Normal
     0 | D:1      | 0 ||| PLANNING D:1-11
   507 | D:1      | 507 ||| READING 2 scrolls labelled BYLENK FILO.
   507 | D:1      | HP: 2/12 [gnoll/+0 spear (4)]
   509 | D:1      | 509 ||| READING scroll labelled JUINWO GAPIR.
   513 | D:1      | Reached skill level 6 in Ranged Weapons
   513 | D:1      | Reached XP level 2. HP: 5/16 MP: 4/4
  1076 | D:1      | 1076 ||| READING scroll labelled DEAXTE ITSOEXT.
  1077 | D:1      | 1077 ||| DROPPING scroll of butterflies.
  1172 | D:2      | Reached XP level 3. HP: 19/20 MP: 5/5
  1426 | D:2      | Reached skill level 7 in Ranged Weapons
  1451 | D:2      | Found a faded altar of an unknown god.
  1745 | D:2      | 1745 ||| UPGRADING to +0 ring mail.
  1755 | D:2      | 1755 ||| DROPPING +0 leather armour.
  1756 | D:2      | 1756 ||| READING scroll labelled DEALEYTTOAC.
  1757 | D:2      | 1757 ||| READING 3 scrolls labelled JAASSU JEVIALO.
  1758 | D:2      | 1758 ||| READING scroll labelled OQIATI QEYGROUROJ.
  1759 | D:2      | 1759 ||| READING 3 scrolls labelled ZEKHIRCHYC.
  1760 | D:2      | 1760 ||| READING 2 scrolls of enchant armour.
  1760 | D:2      | 1760 ||| ENCHANTING +0 ring mail.
  1761 | D:2      | 1761 ||| READING scroll of enchant armour.
  1761 | D:2      | 1761 ||| ENCHANTING +1 ring mail.
  1762 | D:2      | 1762 ||| READING scroll labelled TITRISOMIJ.
  1763 | D:2      | 1763 ||| READING 2 scrolls of identify.
  1763 | D:2      | 1763 ||| IDENTIFYING fizzy purple potion
  1764 | D:2      | 1764 ||| DROPPING 2 scrolls of immolation.
  1766 | D:2      | 1766 ||| Stepping ~*~*~tactically~*~*~ (cloud).
  1769 | D:2      | HP: 5/20 [poisoned by you (poison gas)]
  1771 | D:2      | HP: 2/20 [poisoned by you (poison gas)]
  1774 | D:2      | Succumbed to their own poison gas

Levels and vault maps discovered:
D:1:      nicolae_arrival_memento_mori, layout_loops_ring,
          chequers_serial_rivers_small_b
D:2:      layout_basic, basic_ecumenical_altar, lemuel_flame_loot_1

Skill      XL: |  1  2  3 |
---------------+----------+-----
Ranged Weapons | 6 7 |  7.0
Fighting       | |  1.5
Dodging        | |  2.4
Stealth        | |  1.2

Action                     || total
---------------------------++-------
   Fire: Shortbow          ||    68
    Use: Scroll            ||    11
 Armour: Leather armour    ||     8
  Dodge: Dodged            ||    15

Table legend:
 A = Non-vault XP
 B = Vault XP
 C = Vault XP percentage of total XP
 D = Non-vault monster count
 E = Vault monster count
 F = Vault count percentage of total count
                 A         B        C        D         E       F
            +---------+---------+-------+---------+---------+-------
      Total |      69 |       0 |   0.0 |      22 |       0 |   0.0
            +---------+---------+-------+---------+---------+-------
        D:1 |      25 |       0 |   0.0 |       9 |       0 |   0.0
        D:2 |      44 |       0 |   0.0 |      13 |       0 |   0.0
            +---------+---------+-------+---------+---------+-------
